 Dungeon Crawl Stone Soup version 0.30.1-3-gfc49f6343a (webtiles) character file.

Game seed: 12942020460109468982

1783160 LordWeiramon the Middleweight Champion (level 27, 249/249 HPs)
             Began as a Merfolk Monk on July 18, 2023.
             Was the Champion of Cheibriados.
             Escaped with the Orb
             ... and 3 runes!
             The game lasted 04:12:58 (64734 turns).

LordWeiramon the Middleweight Champion (MfMo)      Turns: 64734, Time: 04:12:58

Health: 249/249    AC: 42    Str: 43    XL:     27
Magic:  29/29      EV: 37    Int: 21    God:    Cheibriados [******]
Gold:   4800       SH: 43    Dex: 29    Spells: 26/26 levels left

rFire   + +          .
                       - Unarmed
rCold   + . .        s - +10 tower shield of Ignorance {rN+ Int-4}
rNeg    + + .        w - +12 gold dragon scales
rPois   +            a - +2 hat {Will+}
rElec   +            M - +2 cloak {rF+}
rCorr   +            r - +1 pair of gloves "Kank" {Str+3 Slay+3}
SInv    +            h - +0 pair of boots
Will    +++..        y - amulet of reflection Stlth
                     T - ring "Cestoricse" {rElec EV+5 Int-4 Dex-2 SInv}
HPRegen 0.61/turn    E - ring "Tuov" {rPois rN+ rCorr SInv}
MPRegen 0.21/turn

%: reflection
@: studying 2 skills, very slow
A: (nimble swimmer 2), mertail, clever 1, strong 1
0: Orb of Zot
}: 3/15 runes: decaying, silver, gossamer
a: Renounce Religion, Bend Time, Temporal Distortion, Slouch, Step From Time


You escaped.
You worshipped Cheibriados.
Cheibriados was exalted by your worship.
You visited 11 branches of the dungeon, and saw 51 of its levels.
You visited the Abyss 1 time.
You visited 1 bazaar.
You also visited: Ice Cave, Volcano, Wizlab and Desolation.

You collected 9450 gold pieces.
You spent 4650 gold pieces at shops.

Inventory:

Missiles
 P - 3 throwing nets (quivered)
Armour
 a - a +2 hat of willpower (worn)
 h - a +0 pair of boots (worn)
 r - the +1 pair of gloves "Kank" (worn) {Str+3 Slay+3}
   (You bought it in a shop in a bazaar)

   Str:       It affects your strength (+3).
   Slay:      It affects your accuracy & damage with ranged weapons and melee
   (+3).
 s - the +10 tower shield of Ignorance (worn) {rN+ Int-4}
   (You acquired it on level 3 of the Swamp)

   Int:       It affects your intelligence (-4).
   rN:        It protects you from negative energy.
 v - a +10 plate armour of cold resistance
 w - +12 gold dragon scales (worn)
 M - a +2 cloak of fire resistance (worn)
Jewellery
 b - a +4 ring of protection
 l - a ring of protection from cold
 t - the ring "Wefior" {rF+ rN+ Stlth+}
   (You found it on level 5 of the Lair of Beasts)

   [ring of positive energy]

   rF:        It protects you from fire.
   rN:        It protects you from negative energy.
   Stlth:     It makes you more stealthy.
 y - an amulet of reflection (around neck)
 E - the ring "Tuov" (right hand) {rPois rN+ rCorr SInv}
   (You took it off a deep elf death mage on level 3 of the Elven Halls)

   [ring of see invisible]

   rPois:     It protects you from poison.
   rN:        It protects you from negative energy.
   SInv:      It lets you see invisible.
   rCorr:     It protects you from acid and corrosion.
 G - the ring of Hudahuph {rPois rN+ Slay+3 Stlth+}
   (You found it on level 10 of the Dungeon)

   [ring of poison resistance]

   Slay:      It affects your accuracy & damage with ranged weapons and melee
   (+3).
   rPois:     It protects you from poison.
   rN:        It protects you from negative energy.
   Stlth:     It makes you more stealthy.
 T - the ring "Cestoricse" (left hand) {rElec EV+5 Int-4 Dex-2 SInv}
   (You bought it in a shop on level 13 of the Dungeon)

   [ring of evasion]

   EV:        It affects your evasion (+5).
   Int:       It affects your intelligence (-4).
   Dex:       It affects your dexterity (-2).
   rElec:     It insulates you from electricity.
   SInv:      It lets you see invisible.
 W - the ring "Teocw" {+Blink Fly rElec rC+ Dex-3}
   (You found it in the Desolation of Salt)

   [ring of flight]

   Dex:       It affects your dexterity (-3).
   rC:        It protects you from cold.
   rElec:     It insulates you from electricity.
   Fly:       It grants you flight.
   +Blink:    It lets you blink.
Wands
 m - a wand of acid (33)
 o - a wand of flame (94)
 D - a wand of paralysis (41)
 H - a wand of polymorph (28)
 J - a wand of digging (1)
 N - a wand of mindburst (35)
 Q - a wand of roots (35)
Scrolls
 d - 5 scrolls of enchant weapon
 g - a scroll of brand weapon
 i - 6 scrolls of magic mapping
 j - 12 scrolls of fear
 k - 9 scrolls of blinking
 p - 24 scrolls of teleportation
 z - 3 scrolls of summoning
 A - 3 scrolls of fog
 K - 8 scrolls of poison
 L - 7 scrolls of amnesia
 X - 29 scrolls of identify
Potions
 e - 11 potions of invisibility
 n - 11 potions of heal wounds
 q - 12 potions of flight
 u - 9 potions of mutation
 x - 6 potions of might
 B - 11 potions of magic
 F - 3 potions of resistance
 I - 23 potions of curing
 R - 3 potions of cancellation
 V - 9 potions of ambrosia
 Y - 9 potions of brilliance
 Z - 2 potions of berserk rage
Miscellaneous
 f - a phantom mirror
 C - a tin of tremorstones (2/2)
 O - a lightning rod (4/4)
 S - a box of beasts
 U - a phial of floods


   Skills:
 O Level 27 Fighting
 - Level 15.0 Armour
 O Level 27 Dodging
 + Level 25.1 Shields
 O Level 27 Unarmed Combat
 - Level 8.6 Invocations
 - Level 5.4 Evocations


You had 26 spell levels left.
You didn't know any spells.
Your spell library contained the following spells:

 Spells                   Type           Power      Damage    Failure   Level
 Apportation              Tloc           0%         N/A       80%         1
 Beastly Appendage        Tmut           0%         N/A       80%         1
 Foxfire                  Conj/Fire      0%         2x1d4     80%         1
 Freeze                   Ice            0%         1d3       80%         1
 Magic Dart               Conj           0%         1d3       80%         1
 Necrotise                Necr           0%         1d4       80%         1
 Slow                     Hex            0%         N/A       80%         1
 Sting                    Tmut/Pois      0%         1d3       80%         1
 Summon Small Mammal      Summ           0%         N/A       80%         1
 Cigotuvi's Dreadful Rot  Necr/Pois/Air  0%         N/A       91%         2
 Ensorcelled Hibernation  Hex/Ice        0%         N/A       91%         2
 Passwall                 Tmut/Erth      0%         N/A       91%         2
 Poisonous Vapours        Pois/Air       0%         N/A       91%         2
 Scorch                   Fire           0%         2d5       91%         2
 Searing Ray              Conj           0%         2d4       91%         2
 Static Discharge         Conj/Air       0%         2-2/arc   91%         2
 Sublimation of Blood     Necr           0%         N/A       91%         2
 Wereblood                Tmut           0%         N/A       91%         2
 Call Canine Familiar     Summ           0%         N/A       99%         3
 Confusing Touch          Hex            0%         N/A       99%         3
 Dazzling Flash           Conj/Hex       0%         N/A       99%         3
 Frozen Ramparts          Ice            0%         1d1       99%         3
 Gell's Gravitas          Tloc           0%         N/A       99%         3
 Hailstorm                Conj/Ice       0%         3d3       99%         3
 Inner Flame              Hex/Fire       0%         N/A       99%         3
 Mephitic Cloud           Conj/Pois/Air  0%         N/A       99%         3
 Portal Projectile        Hex/Tloc       0%         N/A       99%         3
 Spider Form              Tmut/Pois      0%         N/A       99%         3
 Stone Arrow              Conj/Erth      0%         3d7       99%         3
 Summon Guardian Golem    Hex/Summ       0%         N/A       99%         3
 Teleport Other           Tloc           0%         N/A       99%         3
 Tukima's Dance           Hex            0%         N/A       99%         3
 Vampiric Draining        Necr           0%         2d6       99%         3
 Vhi's Electric Charge    Tloc/Air       0%         N/A       99%         3
 Volatile Blastmotes      Fire/Tloc      0%         2d10      99%         3
 Airstrike                Air            0%         2d(0-16)  100%        4
 Anguish                  Hex/Necr       0%         N/A       100%        4
 Animate Armour           Summ/Erth      0%         N/A       100%        4
 Cause Fear               Hex            0%         N/A       100%        4
 Dispel Undead            Necr           0%         3d6       100%        4
 Flame Wave               Conj/Fire      0%         2d4       100%        4
 Fulminant Prism          Conj/Hex       0%         3d5       100%        4
 Ice Form                 Ice/Tmut       0%         N/A       100%        4
 Iskenderun's Mystic Bla  Conj/Tloc      0%         2d3       100%        4
 Leda's Liquefaction      Hex/Erth       0%         N/A       100%        4
 Olgreb's Toxic Radiance  Pois           0%         N/A       100%        4
 Passage of Golubria      Tloc           0%         N/A       100%        4
 Petrify                  Tmut/Erth      0%         N/A       100%        4
 Summon Ice Beast         Ice/Summ       0%         N/A       100%        4
 Summon Lightning Spire   Summ/Air       0%         N/A       100%        4
 Alistair's Intoxication  Tmut/Pois      0%         N/A       100%        5
 Arcjolt                  Conj/Air       0%         1d10      100%        5
 Blade Hands              Tmut           0%         N/A       100%        5
 Borgnjor's Vile Clutch   Necr/Erth      0%         N/A       100%        5
 Fireball                 Conj/Fire      0%         3d3       100%        5
 Freezing Cloud           Conj/Ice/Air   0%         6-21      100%        5
 Iskenderun's Battlesphe  Conj           0%         2d6       100%        5
 Metabolic Englaciation   Hex/Ice        0%         N/A       100%        5
 Summon Forest            Summ/Tloc      0%         N/A       100%        5
 Summon Mana Viper        Hex/Summ       0%         N/A       100%        5
 Yara's Violent Unravell  Hex/Tmut       0%         3d3       100%        5
 Conjure Ball Lightning   Conj/Air       0%         3x3d6     100%        6
 Death Channel            Necr           0%         N/A       100%        6
 Eringya's Noxious Bog    Tmut/Pois      0%         N/A       100%        6
 Iron Shot                Conj/Erth      0%         9d1       100%        6
 Plasma Beam              Fire/Air       0%         2x1d11    100%        6
 Simulacrum               Ice/Necr       0%         N/A       100%        6
 Starburst                Conj/Fire      0%         6d3       100%        6
 Summon Cactus Giant      Summ           0%         N/A       100%        6
 Dragon Form              Tmut           0%         N/A       100%        7
 Enfeeble                 Hex            0%         N/A       100%        7
 Malign Gateway           Summ/Tloc      0%         N/A       100%        7
 Orb of Destruction       Conj           0%         9d5       100%        7
 Spellforged Servitor     Conj/Summ      0%         N/A       100%        7
 Summon Hydra             Summ           0%         N/A       100%        7
 Borgnjor's Revivificati  Necr           0%         N/A       100%        8
 Necromutation            Tmut/Necr      0%         N/A       100%        8
 Summon Horrible Things   Summ           0%         N/A       100%        8
 Chain Lightning          Conj/Air       0%         N/A       100%        9
 Death's Door             Necr           0%         N/A       100%        9
 Dragon's Call            Summ           0%         N/A       100%        9
 Fire Storm               Conj/Fire      0%         5d1       100%        9
 Polar Vortex             Ice            0%         N/A       100%        9
 Shatter                  Erth           0%         3d5*      100%        9


Dungeon Overview and Level Annotations

Branches:
Dungeon (15/15)            Temple (1/1) D:6            Lair (5/5) D:8
  Swamp (4/4) Lair:3       Spider (4/4) Lair:2        Slime (0/5) Lair:4
    Orc (2/2) D:10            Elf (3/3) Orc:2        Vaults (5/5) D:13
  Crypt (3/3) Vaults:3       Tomb (0/3) Crypt:3      Depths (4/4) D:15
    Zot (5/5) Depths:4      IceCv (visited)         Volcano (visited)
 WizLab (visited)         Desolation (visited)

Altars:
Ashenzari
Cheibriados
Dithmenos
Elyvilon
Fedhas
Gozag
Hepliaklqana
Kikubaaqudgha
Makhleb
Nemelex Xobeh
Okawaru
Qazlal
Ru
Sif Muna
Trog
Uskayaw
Vehumet
Wu Jian
Xom
Yredelemnul
Zin
The Shining One
Jiyva

Shops:
D:5 (   D:11 ?[   D:13 =   D:14 [   Orc:2 [!(:?   Elf:1 =   Elf:2 ?   Elf:3 *
Vaults:1 ?   Vaults:2 *   Vaults:3 [

Portals:
Hell: Depths:1 Depths:2 Depths:3 Depths:4
Abyss: Depths:2 Depths:3
Pandemonium: Depths:2 Depths:3
Ziggurat: Depths:4


Innate Abilities, Weirdness & Mutations

((You are very nimble when in or above water. (Stealth+, EV+, Speed+++)))
Your lower body shifts to a powerful aquatic tail in water.
Your mind is acute. (Int +4, Str/Dex -1)
Your muscles are strong. (Str +4, Int/Dex -1)


Message History

Press: ? - help, Dir - move target
As you read the scroll of blinking, it crumbles to dust.
You climb upwards.
There is a stone staircase leading down here.
Aiming: Dig
Press: ? - help, Shift-Dir - straight line A rock wall.
This square is covered in magical glow.
The rock shatters into small pieces.
Aiming: Mindburst
Press: ? - help, Shift-Dir - straight line Nothing appears to happen.
Aiming: Dig
Press: ? - help, Shift-Dir - straight line A rock wall.
This square is covered in magical glow.
The rock shatters into small pieces.
A lorocyproca comes into view.
The lorocyproca gives a chilling moan.
You block the lorocyproca's attack.
You pound the lorocyproca into fine dust!!!
The lorocyproca is severely wounded.
You squash the lorocyproca like an ant!!!!
You kill the lorocyproca!
Cheibriados appreciates the change of pace.
Press: ? - help, . - travel You can't see that place. [a translucent stone wall.]
Aiming: Dig
Press: ? - help, Shift-Dir - straight line A rock wall.
This square is covered in magical glow.
The rock shatters into small pieces.
There is an open door here.
Aiming: Dig
Press: ? - help, Shift-Dir - straight line This square is covered in magical glow.
The rock shatters into small pieces.
There is a staircase leading out of the dungeon here.
You have escaped!

#....#################........
####...## ###.......### ##....##.
#.....## ##...........## ##...##.
#.##..# ##....##'##....## #...##.
#.##..# #...####.####...# #...##.
#.##.####..##.......##..####.###.
#.##.# #...#..##.##..#...# #.# ##
#.##.# #..##.##...##.##..# #.#
#....# #..##.##.@.##.##..# #.#
#.##.# #..##.##...##.##..# #.#
..##.# #...#..##'##..#...###.#
#....####..##.......##..#.##.#
..##..# #...#########...##...#
......# ##....#####....####..#
.###..## ##...........## ##..####
.# #...## ###.......### ##.......
.# #....########.########....##.#


There were no monsters in sight!

Vanquished Creatures
  5 dread liches
  5 orbs of fire
  Mara (Swamp:3)
  An ancient lich (Zot:5)
  The ghost of Hicanoach the Torchbearer, a master DsGl of Yredelemnul (Zot:5)
  A juggernaut (Depths:3)
  Vv (Zot:3)
  Saint Roka (Vaults:3)
  Xtahua (Depths:4)
  Parghit (Depths:3)
  6 Killer Klowns (Zot:5)
  A curse toe (Zot:4)
  4 caustic shrikes
  A pandemonium lord (Depths:4)
  17 golden dragons
  Nikola (Swamp:1)
  A bone dragon (Crypt:2)
  A Brimstone Fiend (Zot:3)
  4 electric golems
  An iron giant (Zot:5)
  A walking crystal tome (Depths:4)
  Jorgrun (D:12)
  23 tentacled monstrosities
  Zenata (Elf:2)
  Mlioglotl (Swamp:3)
  3 liches
  2 hellephants (Abyss:2)
  3 doom hounds
  25 Orb Guardians (Zot:5)
  2 deep elf blademasters (Elf:3)
  10 titans
  2 walking divine tomes (Depths:3)
  2 walking frostbound tomes (Depths:3)
  A walking earthen tome (Depths:3)
  Grunn (Zot:4)
  Gastronok (Lair:1)
  9 ancient champions
  7 quicksilver dragons
  An Executioner (Zot:3)
  A tentacled starspawn (Abyss:2)
  2 thorn hunters
  Agnes (Spider:1)
  Frances (Swamp:1)
  8 death cobs
  3 sphinxes
  Kirke (D:14)
  15 shadow dragons
  8 tengu reavers
  7 draconian monks
  14 storm dragons
  14 fire giants
  10 revenants
  5 emperor scorpions
  7 draconian knights
  2 imperial myrmidons (Desolation)
  7 frost giants
  3 fenstrider witches
  6 deep elf sorcerers
  6 iron dragons
  Louise (Swamp:1)
  19 vault wardens
  9 draconian scorchers
  A ghost moth (shapeshifter) (Vaults:5)
  3 balrugs
  6 ghost moths
  2 caustic shrike zombies
  2 draconian stormcallers
  The ghost of Secest the Severer, a journeyman DrFi of the Shining One (D:14)
  5 draconian annihilators
  17 ironbound preservers
  5 draconian shifters
  5 deep elf elementalists (Elf:3)
  2 curse skulls
  3 war gargoyles
  33 very ugly things
  6 ironbound thunderhulks
  17 stone giants
  2 spriggan defenders
  Nessos (Orc:2)
  3 broodmothers (Spider:3)
  11 deep elf demonologists
  14 green draconians
  12 vampire knights
  13 dire elephants
  22 black draconians
  10 white draconians
  4 bunyips
  2 spectral hellephants (Crypt:3)
  16 purple draconians
  8 deep elf annihilators
  17 yellow draconians
  2 eleionomae
  A lorocyproca (D:1)
  9 spark wasps
  Azrael (D:14)
  7 halazid warlocks
  23 red draconians
  7 eidola
  A blizzard demon (D:7)
  11 deep elf death magi
  2 green deaths
  13 jiangshi
  2 mummy priests (Crypt:2)
  20 fire dragons
  2 spectral elves (Crypt:3)
  A crystal guardian (Desolation)
  A merfolk impaler (Depths:3)
  5 great orbs of eyes
  7 ettins
  A quicksilver dragon zombie (Crypt:3)
  11 deep elf high priests
  7 yaktaur captains
  8 entropy weavers
  Josephine (D:15)
  5 ragged hierophants (Desolation)
  Fannar (Lair:2)
  3 rakshasas
  2 hell beasts
  32 vault guards
  16 ice dragons
  3 ogre magi
  6 peacekeepers
  7 servants of whispers (Desolation)
  3 spriggan air magi
  23 hydras
  A radroach (Spider:3)
  A ghost crab (Swamp:3)
  An Orb Guardian zombie (Crypt:2)
  14 ironbound frosthearts
  9 boulder beetles
  A jorogumo (Spider:2)
  Erica (Orc:1)
  37 dancing weapons
  17 two-headed ogres
  5 tengu warriors
  9 centaur warriors
  A death knight (Crypt:2)
  12 alligators
  A bennu skeleton (Crypt:2)
  6 deep troll shamans
  4 death yaks (Lair:4)
  4 deep troll earth magi
  A hell hog (Depths:1)
  8 vampire magi
  4 titan zombies
  16 hell knights
  4 spriggan berserkers
  14 soul eaters
  Urug (Lair:4)
  A thrashing horror (Abyss:2)
  2 wretched stars (Abyss:2)
  4 sun demons
  Sonja (D:12)
  A spectral spark wasp (WizLab)
  5 shadow wraiths
  31 skeletal warriors
  10 deep elf knights
  A skyshark (Lair:4)
  A sixfirhy (Depths:3)
  A storm dragon skeleton (Depths:2)
  A titan skeleton (Crypt:1)
  Lodul (D:10)
  2 fire crabs (shapeshifter)
  A sun moth (Spider:4)
  3 salamander mystics
  8 pharaoh ants
  A death drake (Zot:1)
  4 goliath frogs
  7 iron trolls
  48 deep trolls
  A spark wasp zombie (Crypt:3)
  9 swamp dragons
  5 glowing orange brains
  14 orb spiders
  6 bog bodies
  A spectral wolf spider (WizLab)
  A shadow dragon zombie (Crypt:3)
  27 deep elf zephyrmancers
  3 lindwurms
  8 spriggan druids
  9 deep elf archers
  Pikel (D:4)
  16 phantasmal warriors
  2 orange crystal statues
  8 harpies
  7 flayed ghosts
  10 wizards
  16 necromancers
  22 ironbound convokers
  5 steelbarb worms
  29 deep elf pyromancers
  37 ugly things
  11 orc knights
  4 manticores
  An eleionoma zombie (Crypt:2)
  19 wolf spiders
  A faun (shapeshifter) (Vaults:5)
  8 salamanders
  A wolf spider (shapeshifter) (D:10)
  2 orc sorcerers
  A tengu skeleton (Vaults:4)
  A sphinx skeleton (Depths:2)
  6 will-o-the-wisps
  A cyclops (shapeshifter) (Vaults:5)
  2 frost giant zombies
  31 moths of wrath
  7 torpor snails
  3 cyclopes
  9 smoke demons
  2 fire giant skeletons
  A rust devil (Depths:3)
  A black mamba (shapeshifter) (Abyss:2)
  11 elephants
  17 vault sentinels
  2 black mambas
  9 demonic crawlers
  An apocalypse crab (Abyss:2)
  2 dire elephant zombies
  2 frost giant skeletons
  6 orange demons
  4 molten gargoyles
  6 gargoyles
  4 kobold demonologists
  4 guardian serpents (Desolation)
  3 unseen horrors
  15 cane toads
  11 rime drakes
  2 efreet
  49 yaktaurs
  An elf skeleton (Vaults:2)
  A hellion (Depths:2)
  5 tengu conjurers
  An ice devil (Depths:3)
  An unseen horror zombie (Crypt:3)
  3 freezing wraiths
  A yaktaur (shapeshifter) (D:15)
  An ancient zyme (Abyss:2)
  A tormentor (Depths:3)
  3 guardian mummies (Crypt:1)
  A harpy zombie (Crypt:2)
  9 komodo dragons
  A mana viper zombie (Crypt:3)
  11 trolls
  A meliai (shapeshifter) (Elf:1)
  A queen bee (shapeshifter) (D:15)
  Prince Ribbit (D:5)
  A merfolk (shapeshifter) (Depths:3)
  A red devil (Volcano)
  2 harpy skeletons (Crypt:1)
  2 hellwings
  11 meliai
  12 polar bears
  20 tarantellas
  A queen bee (D:14)
  A tarantella (shapeshifter) (Depths:2)
  7 tyrant leeches
  14 hornets
  51 saltlings (Desolation)
  A merfolk zombie (Crypt:1)
  2 raiju (Abyss:2)
  A blink frog (shapeshifter) (D:10)
  39 blink frogs
  2 spriggan zombies
  4 dream sheep (Lair:5)
  An iron dragon simulacrum (Crypt:1)
  A dream sheep (shapeshifter) (Vaults:5)
  A radroach zombie (Crypt:3)
  6 air elementals
  26 culicivoras
  29 slime creatures
  32 jumping spiders
  7 spriggans
  A jumping spider (shapeshifter) (Depths:3)
  4 vampires
  13 flying skulls
  An ettin skeleton (Crypt:2)
  A satyr skeleton (Crypt:2)
  An elf zombie (Vaults:2)
  19 shadows
  5 wraiths
  5 wyverns
  46 yaks
  6 ynoxinuls
  6 basilisks
  10 fire elementals
  2 hogs (D:14)
  6 water elementals
  7 steam dragons
  2 chaos spawn
  A tyrant leech zombie (Crypt:3)
  4 large abominations
  12 vampire mosquitoes
  A neqoxec (Depths:4)
  37 redbacks
  3 wargs
  18 swamp worms
  2 acid dragons
  4 water moccasins
  3 hell hounds
  A glowing shapeshifter zombie (Depths:2)
  A fire bat skeleton (Crypt:1)
  A glowing shapeshifter skeleton (Depths:2)
  58 orc warriors
  A sky beast (D:8)
  2 black bears
  A cane toad skeleton (Crypt:1)
  8 swamp drakes
  A small abomination (Abyss:2)
  2 ice beasts
  16 ogres
  19 wolves
  26 centaurs
  A lemure (D:4)
  4 kobold brigands
  A yaktaur zombie (Crypt:2)
  A gnoll sergeant (D:12)
  14 bullfrogs
  A fire crab zombie (Crypt:1)
  7 human zombies
  5 earth elementals
  2 scorpions (D:5)
  3 wights (D:10)
  11 killer bees
  2 spriggan skeletons (Crypt:1)
  3 electric eels
  8 lava snakes
  4 howler monkeys
  19 orc priests
  A hound (D:5)
  6 jellies
  A bullfrog skeleton (Crypt:2)
  2 gnoll boudas
  A sleepcap (D:5)
  Jessica (D:3)
  4 iguanas
  Terence (D:3)
  7 hell rats (Lair:2)
  28 orc wizards
  A human skeleton (Crypt:2)
  2 acid dragon zombies
  3 mummies (Crypt:1)
  Robin (D:3)
  19 gnolls
  8 adders
  3 white imps
  3 worms
  A dart slug (D:9)
  108 orcs
  9 ball pythons
  9 endoplasms
  2 giant cockroaches
  14 goblins
  8 hobgoblins
  4 jackals (D:1)
  3 quokkas
  A bat (D:2)
  3 frilled lizards
  A goblin skeleton (Crypt:2)
  14 kobolds
  5 rats
2626 creatures vanquished.

Vanquished Creatures (others)
  A fire dragon (Zot:1)
  A hydra (Swamp:4)
  A two-headed ogre (D:12)
  4 deep elf knights
  4 deep elf pyromancers
  2 bloated husks
  A polar bear (IceCv)
  A flying skull (WizLab)
  A culicivora (Spider:3)
  5 humans (D:14)
  A steam dragon (Swamp:4)
  2 swamp drakes (Swamp:4)
  An orc wizard (Elf:1)
  4 orcs (Vaults:5)
  14 foxfires
  2 starspawn tentacles (Abyss:2)
45 creatures vanquished.

Grand Total: 2671 creatures vanquished

Notes
Turn   | Place    | Note
-------+----------+-------------------------------------------
     0 | D:1      | LordWeiramon the Merfolk Monk began the quest for the Orb.
     0 | D:1      | Reached XP level 1. HP: 18/18 MP: 1/1
   226 | D:1      | Reached XP level 2. HP: 24/24 MP: 2/2
   670 | D:1      | Reached XP level 3. HP: 27/29 MP: 3/3
   900 | D:2      | Found a faded altar of an unknown god.
   912 | D:2      | Reached skill level 5 in Unarmed Combat
  1192 | D:2      | Reached XP level 4. HP: 31/35 MP: 4/4
  1547 | D:3      | Noticed Jessica
  1554 | D:3      | Killed Jessica
  1707 | D:3      | Reached XP level 5. HP: 41/41 MP: 5/5
  1794 | D:3      | Noticed an ice beast
  1936 | D:3      | Noticed Robin
  1969 | D:3      | Killed Robin
  1991 | D:3      | Noticed Terence
  2029 | D:3      | Killed Terence
  2319 | D:3      | Reached XP level 6. HP: 31/47 MP: 6/6
  2500 | D:3      | Identified the staff of fire "Dios" {*Corrode rF+ Dex+4}
  3001 | D:4      | Reached skill level 1 in Evocations
  3051 | D:4      | Noticed Pikel
  3068 | D:4      | Killed Pikel
  3069 | D:4      | Reached XP level 7. HP: 52/52 MP: 7/7
  3744 | D:3      | Reached skill level 10 in Unarmed Combat
  3744 | D:3      | Reached XP level 8. HP: 58/58 MP: 8/8
  3921 | D:5      | Entered Level 5 of the Dungeon
  4221 | D:5      | Found Puttuer's Weapon Boutique.
  4235 | D:5      | Reached skill level 5 in Fighting
  4339 | D:5      | Got the Catalogue of Chilblains
  4413 | D:5      | Reached skill level 5 in Dodging
  4461 | D:5      | Noticed Prince Ribbit
  4477 | D:5      | Killed Prince Ribbit
  4920 | D:6      | Noticed a hornet
  4983 | D:6      | Found a burning altar of Makhleb.
  5037 | D:6      | Reached skill level 5 in Evocations
  5037 | D:6      | Reached XP level 9. HP: 68/68 MP: 9/9
  5127 | D:6      | Found a stormy altar of Qazlal.
  5232 | D:6      | Found the +6 shillelagh "Devastator" {shatter}
  5269 | D:6      | Found a sparkling altar of Nemelex Xobeh.
  5514 | D:6      | Killed a hornet
  5564 | D:6      | Found a staircase to the Ecumenical Temple.
  5573 | Temple   | Entered the Ecumenical Temple
  6981 | D:8      | Reached XP level 10. HP: 46/74 MP: 10/10
  7305 | D:8      | Found a staircase to the Lair.
  7388 | D:8      | Noticed an elephant
  7416 | D:8      | Killed an elephant
  7591 | D:8      | Noticed an orange crystal statue
  7801 | D:8      | Found a radiant altar of Vehumet.
  8286 | D:9      | Reached skill level 15 in Unarmed Combat
  8585 | D:9      | Found a glowing golden altar of the Shining One.
  8853 | D:9      | Noticed a two-headed ogre
  8860 | D:9      | Killed a two-headed ogre
  9096 | D:9      | Found a snail-covered altar of Cheibriados.
  9107 | D:9      | Became a worshipper of Cheibriados the Contemplative
  9107 | D:9      | Reached * piety under Cheibriados
  9107 | D:9      | Reached ** piety under Cheibriados
  9173 | D:9      | Noticed an unseen horror
  9181 | D:9      | Killed an unseen horror
  9182 | D:9      | Reached XP level 11. HP: 66/84 MP: 11/11
  9391 | D:9      | Noticed a two-headed ogre
  9399 | D:9      | Killed a two-headed ogre
  9930 | D:10     | Entered Level 10 of the Dungeon
 10013 | D:10     | Noticed a two-headed ogre
 10021 | D:10     | Killed a two-headed ogre
 10119 | D:10     | Reached skill level 10 in Dodging
 10270 | D:10     | Identified the ring of Hudahuph {rPois rN+ Slay+3 Stlth+}
 10398 | D:10     | Noticed a centaur warrior
 10398 | D:10     | Noticed a wizard
 10398 | D:10     | Noticed a rakshasa
 10398 | D:10     | Noticed a manticore
 10398 | D:10     | Noticed a centaur warrior
 10467 | Lair:1   | Entered Level 1 of the Lair of Beasts
 11088 | Lair:1   | Noticed Gastronok
 11096 | Lair:1   | Reached *** piety under Cheibriados
 11108 | Lair:1   | Killed Gastronok
 11109 | Lair:1   | Reached XP level 12. HP: 19/91 MP: 9/12
 12301 | Lair:2   | Reached skill level 10 in Fighting
 12309 | Lair:2   | Reached skill level 1 in Invocations
 12347 | Lair:2   | Reached **** piety under Cheibriados
 12610 | Lair:2   | Found a hole to the Spider Nest.
 12612 | Lair:2   | Noticed a boulder beetle
 12637 | Lair:2   | Noticed Fannar
 12641 | Lair:2   | Noticed a five-headed hydra
 12649 | Lair:2   | Killed a five-headed hydra
 12650 | Lair:2   | Reached skill level 5 in Invocations
 12722 | Lair:2   | Killed a boulder beetle
 12921 | Lair:2   | Killed Fannar
 13519 | Lair:3   | Found a dark tunnel.
 13569 | Volcano  | Entered a volcano
 13594 | Volcano  | Noticed a sun demon
 13604 | Volcano  | Killed a sun demon
 13657 | Volcano  | Noticed a hell knight
 13664 | Volcano  | Killed a hell knight
 13665 | Volcano  | Reached XP level 13. HP: 103/103 MP: 16/16
 13723 | Volcano  | Reached skill level 1 in Armour
 14380 | Lair:3   | Found a staircase to the Swamp.
 14581 | Lair:3   | Found the +3 Elemental Staff {rElec rF+ rC+ AC+3}
 14644 | Lair:4   | Reached skill level 5 in Armour
 14738 | Lair:4   | Reached ***** piety under Cheibriados
 14882 | Lair:4   | Found a viscous altar of Jiyva.
 14893 | Lair:4   | Found a staircase to the Slime Pits.
 15424 | Lair:4   | Noticed Urug
 15433 | Lair:4   | Killed Urug
 15571 | Lair:5   | Entered Level 5 of the Lair of Beasts
 15596 | Lair:5   | Reached XP level 14. HP: 104/110 MP: 17/17
 15924 | Lair:5   | Reached skill level 10 in Armour
 15952 | Lair:5   | Identified the ring "Wefior" {rF+ rN+ Stlth+}
 16093 | Lair:5   | Reached ****** piety under Cheibriados
 16804 | D:10     | Identified the +7 rapier of Gallantry {freeze, Int+6 Dex-4}
 16845 | D:10     | Noticed Lodul
 16856 | D:10     | Killed Lodul
 16927 | D:10     | Found a staircase to the Orcish Mines.
 17242 | D:10     | Reached XP level 15. HP: 115/115 MP: 18/18
 17572 | D:10     | Found a blossoming altar of Fedhas.
 17883 | D:11     | You fall into a shaft and drop 2 floors!
 18319 | D:13     | Found a gate to the Vaults.
 18378 | D:13     | Found Esiass's Jewellery Shoppe.
 18387 | D:13     | Bought the ring "Cestoricse" {rElec EV+5 Int-4 Dex-2 SInv}
                  | for 499 gold pieces
 18832 | D:12     | Noticed Jorgrun
 18937 | D:11     | Found Ygaf Sal's Magic Scroll Shoppe.
 18944 | D:11     | Bought a scroll of summoning for 104 gold pieces
 18944 | D:11     | Bought a scroll of blinking for 82 gold pieces
 18944 | D:11     | Bought a scroll of identify for 22 gold pieces
 18944 | D:11     | Bought a scroll of identify for 22 gold pieces
 18944 | D:11     | Bought a scroll of identify for 22 gold pieces
 19037 | D:11     | Found Beiduel's Armour Shop.
 19091 | D:11     | Found a stormy altar of Qazlal.
 19233 | D:12     | Killed Jorgrun
 19292 | D:12     | Noticed Sonja
 19298 | D:12     | Killed Sonja
 19344 | D:12     | Identified the +0 leather armour "Itumn" {Regen+ Str+3
                  | Int+4}
 19556 | D:14     | Noticed Secest's ghost (journeyman DrFi)
 19576 | D:14     | Found a transporter.
 19581 | D:14     | Found a transporter.
 19860 | D:14     | Found Vequyd's Antique Armour Shoppe.
 19876 | D:14     | Bought a tower shield for 135 gold pieces
 19897 | D:14     | Reached skill level 1 in Shields
 19905 | D:14     | Reached XP level 16. HP: 117/122 MP: 19/19
 19972 | D:14     | Noticed Kirke
 19984 | D:14     | Killed Kirke
 20010 | D:14     | Noticed Azrael
 20016 | D:14     | Killed Azrael
 20145 | D:14     | Reached skill level 5 in Shields
 20470 | D:14     | Killed Secest's ghost
 20502 | D:14     | Identified the staff of poison "Riud" {rPois Dex+3}
 20539 | D:15     | Entered Level 15 of the Dungeon
 20581 | D:15     | Got Miatuz's Annotations on the Anticline and the Volcano
 20622 | D:15     | Noticed Josephine
 20631 | D:15     | Killed Josephine
 21056 | D:15     | Found a staircase to the Depths.
 21493 | Orc:1    | Entered Level 1 of the Orcish Mines
 21524 | Orc:1    | Noticed Erica
 21530 | Orc:1    | Killed Erica
 21928 | Orc:2    | Entered Level 2 of the Orcish Mines
 21928 | Orc:2    | Noticed Nessos
 21928 | Orc:2    | Found Bolos's Magic Scroll Shoppe.
 21936 | Orc:2    | Killed Nessos
 21988 | Orc:2    | Bought a scroll of teleportation for 36 gold pieces
 21988 | Orc:2    | Bought a scroll of teleportation for 36 gold pieces
 22124 | Orc:2    | Found a staircase to the Elven Halls.
 22184 | Orc:2    | Found Rusetrai's Distillery.
 22184 | Orc:2    | Found Geupt's Antique Weapon Shop.
 22184 | Orc:2    | Found Fidita's Book Boutique.
 22191 | Orc:2    | Reached skill level 10 in Shields
 22198 | Orc:2    | Found Wuthiehy's Antique Armour Shoppe.
 22330 | Orc:2    | Bought a slimy plate armour for 700 gold pieces
 22330 | Orc:2    | Identified the +0 plate armour of Ystix {rF+} (You bought
                  | it in a shop on level 2 of the Orcish Mines)
 23017 | Swamp:1  | Entered Level 1 of the Swamp
 23123 | Swamp:1  | Noticed a thorn hunter
 23125 | Swamp:1  | Noticed Frances
 23195 | Swamp:1  | Killed a thorn hunter
 23281 | Swamp:1  | Noticed Louise
 23312 | Swamp:1  | Killed Louise
 23378 | Swamp:1  | Killed Frances
 23488 | Swamp:1  | Noticed Nikola
 23504 | Swamp:1  | Killed Nikola
 23505 | Swamp:1  | Reached skill level 15 in Dodging
 23638 | Swamp:1  | Reached XP level 17. HP: 128/128 MP: 20/20
 24715 | Swamp:3  | Noticed a tentacled monstrosity
 24729 | Swamp:3  | Killed a tentacled monstrosity
 24890 | Swamp:3  | Noticed Mlioglotl
 24903 | Swamp:3  | Killed Mlioglotl
 25075 | Swamp:3  | Noticed Mara
 25110 | Swamp:3  | Noticed LordWeiramon's illusion
 25114 | Swamp:3  | Killed Mara
 25613 | Swamp:3  | Identified a scroll of acquirement
 25614 | Swamp:3  | Acquired the +10 tower shield of Ignorance {rN+ Int-4}
 25614 | Swamp:3  | Found the +10 tower shield of Ignorance {rN+ Int-4}
 25692 | Swamp:4  | Entered Level 4 of the Swamp
 25694 | Swamp:4  | Found a frozen archway.
 25710 | IceCv    | Entered an ice cave
 25976 | IceCv    | Reached XP level 18. HP: 101/134 MP: 21/21
 26278 | IceCv    | Got the Volume of the Serac
 27504 | Spider:1 | Entered Level 1 of the Spider Nest
 28010 | Spider:1 | Noticed Agnes
 28021 | Spider:1 | Killed Agnes
 29967 | Spider:3 | Reached skill level 15 in Fighting
 30327 | Spider:3 | Reached XP level 19. HP: 122/155 MP: 22/22
 31102 | Spider:4 | Entered Level 4 of the Spider Nest
 32066 | Spider:4 | Identified the +6 whip of Res Nullius {speed, Str+4 Int+2}
 32493 | Spider:4 | Got a gossamer rune of Zot
 32799 | Elf:1    | Entered Level 1 of the Elven Halls
 33023 | Elf:1    | Found Olecwi's Jewellery Emporium.
 33358 | Elf:1    | Found a runed translucent gate.
 33358 | Elf:1    | Found a runed translucent gate.
 33358 | Elf:1    | Found a runed translucent gate.
 33358 | Elf:1    | Found a runed translucent gate.
 33358 | Elf:1    | Found a runed translucent gate.
 33359 | Elf:1    | Found a runed translucent gate.
 33533 | Elf:1    | Noticed a Brimstone Fiend
 33583 | Elf:1    | Found a runed translucent door.
 33964 | Elf:1    | Reached XP level 20. HP: 116/162 MP: 26/26
 34088 | Elf:2    | Found Cyno's Magic Scroll Boutique.
 34107 | Elf:2    | Bought a scroll of teleportation for 57 gold pieces
 34107 | Elf:2    | Bought a scroll of teleportation for 57 gold pieces
 34107 | Elf:2    | Bought a scroll of teleportation for 57 gold pieces
 34336 | Elf:2    | Paralysed by an air elemental for 1 turns
 34372 | Elf:2    | Paralysed by an air elemental for 1 turns
 34409 | Elf:2    | Found a runed translucent gate.
 34410 | Elf:2    | Found a runed translucent gate.
 34411 | Elf:2    | Found a runed translucent gate.
 34411 | Elf:2    | Noticed Zenata
 34503 | Elf:2    | Paralysed by an air elemental for 1 turns
 34759 | Elf:2    | Killed Zenata
 35256 | Elf:3    | Entered Level 3 of the Elven Halls
 35353 | Elf:3    | Found Busteqow's General Store.
 35357 | Elf:3    | Bought a scroll of teleportation for 60 gold pieces
 35357 | Elf:3    | Bought a potion of curing for 60 gold pieces
 35425 | Elf:3    | Found a magical portal.
 35435 | WizLab   | Entered Borgnjor's Mausoleum
 35760 | WizLab   | Reached skill level 27 in Unarmed Combat
 36342 | Elf:3    | Noticed a Brimstone Fiend
 36348 | Elf:3    | Noticed a Tzitzimitl
 36641 | Elf:3    | Reached XP level 21. HP: 166/170 MP: 27/27
 37154 | Elf:3    | Identified the ring "Tuov" {rPois rN+ rCorr SInv}
 37154 | Abyss:2  | Cast into level 2 of the Abyss (a deep elf demonologist)
 37388 | Elf:3    | Escaped the Abyss
 37490 | Elf:3    | Got the Vellum of the Summoned Mesa
 37493 | Elf:3    | Got the Collected Works on Electricity and Tephra
 37558 | Elf:3    | Identified the ring of Tiawket {AC+4 Str+2 Dex+4}
 37569 | Elf:3    | Identified the +4 mace of Paper {speed, rC++ rN++ Str-3}
 37577 | Elf:3    | Identified the staff of conjuration "Nimufis" {+Blink rN+}
 37631 | Elf:3    | Got Muixic's Compilation of Topomancy and the Jaunt
 37941 | Vaults:1 | Entered Level 1 of the Vaults
 38033 | Vaults:1 | Found a crumbling gateway.
 38049 | Desolati | Entered the Desolation of Salt
 38544 | Desolati | Identified the ring "Imnaer" {Ice rN+ rCorr}
 38546 | Desolati | Identified the ring of the Wicked Grape {rC+ Will- MP+9
                  | Int+2 Dex+3}
 38570 | Desolati | Got the Elucidation of the Planar Swarm
 38571 | Desolati | Identified the +8 short sword of Jovokuth {protect, rElec
                  | SInv}
 38600 | Desolati | Identified the +5 dire flail of Capital Punishment {spect,
                  | Int-5 Dex+5}
 38601 | Desolati | Identified the ring "Teocw" {+Blink Fly rElec rC+ Dex-3}
 38620 | Desolati | Got the Tractate on Charming Contamination
 38655 | Desolati | Identified the staff of cold "Lygan" {rC+ MP+9 Dex+3}
 39130 | Desolati | Identified the +9 shortbow "Wimaxte" {elec, Dex+3}
 39785 | Vaults:1 | Identified the +8 plate armour of Polish {Dex+4 SInv}
 39791 | Vaults:1 | Found Jitzat's Magic Scroll Shoppe.
 39909 | Vaults:1 | Reached XP level 22. HP: 155/190 MP: 28/28
 40022 | Vaults:1 | Identified the +1 war axe of Extremism {drain, Dex+2}
 41573 | Vaults:2 | Found Ashriquv's Assorted Antiques.
 41577 | Vaults:2 | Bought a wand of acid (2) for 210 gold pieces
 42014 | Vaults:2 | Acquired the +5 Storm Queen's Shield {shock, Fly rElec}
 42014 | Vaults:2 | Found the +5 Storm Queen's Shield {shock, Fly rElec}
 42080 | Vaults:3 | Noticed Saint Roka
 42095 | Vaults:3 | Killed Saint Roka
 42178 | Vaults:3 | Found Vexewke's Armour Shop.
 42326 | Vaults:3 | Found a flickering gateway to a bazaar.
 42333 | Bazaar   | Entered a bazaar
 42333 | Bazaar   | Found Omufre's Antique Weapon Shoppe.
 42333 | Bazaar   | Found Qaeraf's Antique Armour Shoppe.
 42333 | Bazaar   | Found Arickuep's General Store.
 42363 | Bazaar   | Found Seog's Book Emporium.
 42371 | Bazaar   | Found Pinaire's Distillery.
 42401 | Bazaar   | Bought an embroidered cloak for 150 gold pieces
 42414 | Bazaar   | Bought a potion of curing for 39 gold pieces
 42414 | Bazaar   | Bought a wand of paralysis (7) for 218 gold pieces
 42414 | Bazaar   | Bought the +1 pair of gloves "Kank" {Str+3 Slay+3} for 460
                  | gold pieces
 42414 | Bazaar   | Bought a wand of acid (2) for 109 gold pieces
 42437 | Bazaar   | Bought 2 potions of curing for 90 gold pieces
 42437 | Bazaar   | Bought a potion of heal wounds for 75 gold pieces
 42437 | Bazaar   | Bought a potion of curing for 45 gold pieces
 42437 | Bazaar   | Bought 2 potions of might for 120 gold pieces
 42437 | Bazaar   | Bought 2 potions of might for 120 gold pieces
 42779 | Vaults:3 | Found a staircase to the Crypt.
 43629 | Vaults:4 | Reached XP level 23. HP: 208/208 MP: 29/29
 44232 | Vaults:4 | Identified the +0 ring mail of Russoqef {rF++ rN+ SInv}
 44421 | Vaults:4 | Identified the +2 robe "Nyvir" {+Inv rN+ Stlth-}
 44436 | Vaults:4 | Identified the ring "Eriob" {rPois MP+9 Str-2 Dex+8 Stlth+}
 44449 | Vaults:4 | Identified the +0 robe of the Accordion {Will++ Dex+4}
 44816 | Crypt:1  | Entered Level 1 of the Crypt
 46077 | D:14     | Bought a glowing helmet for 225 gold pieces
 46077 | D:14     | Bought a shimmering scale mail for 270 gold pieces
 46077 | D:14     | Identified the +5 scale mail "Kuzemar" {Fly rCorr Str+2
                  | Int+6} (You bought it in a shop on level 14 of the Dungeon)
 47217 | Crypt:2  | Got the Quarto of Unholy Rites
 47239 | Crypt:3  | Entered Level 3 of the Crypt
 47345 | Crypt:2  | Reached XP level 24. HP: 221/225 MP: 29/29
 47582 | Crypt:3  | Reached skill level 27 in Fighting
 47746 | Crypt:3  | Identified the +0 longbow of Dung {heavy, rPois Str-3
                  | Dex+5}
 47893 | Crypt:3  | Identified the +6 broad axe "Fujudwi" {heavy, *Corrode
                  | Str+9}
 48080 | Crypt:3  | Found a staircase to the Tomb.
 48234 | Crypt:3  | Noticed a dread lich
 48525 | Depths:1 | Entered Level 1 of the Depths
 48629 | Depths:1 | Found a gateway to Hell.
 49118 | Depths:1 | Found a glowing silver altar of Zin.
 49316 | Depths:2 | Noticed a caustic shrike
 49326 | Depths:2 | Killed a caustic shrike
 49699 | Depths:2 | Found a one-way gate to the infinite horrors of the Abyss.
 49774 | Depths:2 | Found a one-way gate leading to the halls of Pandemonium.
 50169 | Depths:3 | Noticed a caustic shrike
 50172 | Depths:3 | Noticed a caustic shrike
 50175 | Depths:2 | Killed a caustic shrike
 50374 | Vaults:1 | Bought a scroll of teleportation for 42 gold pieces
 50374 | Vaults:1 | Bought a scroll of fear for 56 gold pieces
 50374 | Vaults:1 | Bought a scroll of enchant armour for 105 gold pieces
 50374 | Vaults:1 | Bought a scroll of magic mapping for 105 gold pieces
 50617 | Orc:2    | Bought a scroll of enchant armour for 90 gold pieces
 50617 | Orc:2    | Bought a scroll of enchant armour for 90 gold pieces
 50746 | D:11     | Bought a scroll of enchant armour for 82 gold pieces
 51253 | Depths:3 | Reached XP level 25. HP: 172/234 MP: 29/29
 51659 | Depths:3 | Noticed a juggernaut
 51670 | Depths:3 | Killed a juggernaut
 52436 | Depths:4 | Entered Level 4 of the Depths
 52456 | Depths:4 | Noticed Parghit
 52516 | Depths:3 | Killed Parghit
 52735 | Depths:4 | Noticed Xtahua
 52748 | Depths:4 | Killed Xtahua
 53096 | Depths:4 | Found a one-way gateway to a ziggurat.
 53422 | Depths:4 | Found a gate to the Realm of Zot.
 53666 | Vaults:5 | Entered Level 5 of the Vaults
 54055 | Vaults:5 | Reached XP level 26. HP: 135/242 MP: 29/29
 54075 | Vaults:5 | Reached skill level 15 in Armour
 54121 | Vaults:5 | Noticed a dread lich
 54129 | Vaults:5 | Killed a dread lich
 54525 | Vaults:5 | Identified the +1 great sword of Departure {venom, *Corrode
                  | rPois Will+}
 54955 | Vaults:5 | Got a silver rune of Zot
 55319 | Vaults:5 | Reached skill level 15 in Shields
 55580 | Vaults:5 | Noticed a dread lich
 55597 | Vaults:5 | Killed a dread lich
 55699 | Vaults:5 | Identified the +0 chain mail "Analet" {rF+ Str+2}
 55706 | Vaults:5 | Identified the staff of death "Aceem" {rPois rN+ Str+3}
 56265 | Crypt:3  | Noticed a dread lich
 56277 | Crypt:3  | Killed a dread lich
 56328 | Crypt:3  | Killed a dread lich
 56337 | Crypt:3  | Identified the +3 robe "Sorphoemu" {rF- Dex+7 SInv
                  | Archmagi}
 56346 | Crypt:3  | Identified the ring "Jiemiumn" {rN+ Str+3 Int+2 Stlth+}
 56346 | Crypt:3  | Identified the ring of Yesterday {rN+ Stlth+}
 56346 | Crypt:3  | Identified the ring "Uqoffem" {Contam +Blink rN+ Dex+2}
 56360 | Crypt:3  | Identified the +5 battleaxe "Wudusezo" {vamp, Dex+3}
 57185 | Swamp:4  | Got a decaying rune of Zot
 57631 | Zot:1    | Entered Level 1 of the Realm of Zot
 58018 | Zot:1    | Reached XP level 27. HP: 247/249 MP: 29/29
 58637 | Zot:1    | Identified the +0 plate armour of Minor Irritation {rF+
                  | Dex+2}
 59480 | Zot:2    | Reached skill level 27 in Dodging
 60199 | Zot:2    | Identified the +4 arbalest of the Blind Eye {freeze, rN+++
                  | Str+5 Int-4}
 60200 | Zot:2    | Identified the +4 glaive of Termination {freeze, *Slow
                  | rElec Int+3}
 60483 | Zot:3    | Noticed an orb of fire
 60598 | Zot:3    | Gained mutation: You have hidden genetic defects. [an orb
                  | of fire]
 60653 | Zot:3    | Killed an orb of fire
 60705 | Zot:3    | Noticed Vv
 60719 | Zot:3    | Killed Vv
 61086 | Zot:3    | Gained mutation: Your body sometimes deteriorates upon
                  | taking damage. [hidden defects]
 61092 | Zot:3    | Lost mutation: Your body sometimes deteriorates upon taking
                  | damage. [potion of mutation]
 61092 | Zot:3    | Lost mutation: You have hidden genetic defects. [potion of
                  | mutation]
 61092 | Zot:3    | Gained mutation: You have hidden genetic potential. [potion
                  | of mutation]
 61092 | Zot:3    | Gained mutation: Armour fits poorly on your strangely
                  | shaped body. [potion of mutation]
 61092 | Zot:3    | Gained mutation: You are strong-willed. (Will+) [potion of
                  | mutation]
 61092 | Zot:3    | Gained mutation: You expend magic power (3 MP) to
                  | strengthen your wands. [potion of mutation]
 62400 | Zot:4    | Noticed Grunn
 62421 | Zot:4    | Killed Grunn
 62607 | Zot:5    | Entered Level 5 of the Realm of Zot
 62881 | Zot:5    | Identified the +4 mace "Ukeh" {pain, rCorr}
 62882 | Zot:5    | Found a runed translucent gate.
 62883 | Zot:5    | Noticed Hicanoach's ghost (master DsGl)
 62883 | Zot:5    | Found a runed translucent gate.
 62884 | Zot:5    | Found a runed translucent gate.
 63283 | Zot:5    | Killed Hicanoach's ghost
 63433 | Zot:5    | Noticed an orb of fire
 63446 | Zot:5    | Lost mutation: You have hidden genetic potential. [an orb
                  | of fire]
 63448 | Zot:5    | Killed an orb of fire
 63508 | Zot:5    | Noticed an orb of fire
 63521 | Zot:5    | Gained mutation: You occasionally lose the ability to drink
                  | potions when taking damage. [an orb of fire]
 63525 | Zot:5    | Gained mutation: You sometimes lose your temper in combat.
                  | [an orb of fire]
 63531 | Zot:5    | Killed an orb of fire
 63554 | Zot:5    | Noticed an orb of fire
 63565 | Zot:5    | Killed an orb of fire
 63588 | Zot:5    | Lost mutation: You occasionally lose the ability to drink
                  | potions when taking damage. [potion of mutation]
 63588 | Zot:5    | Lost mutation: You expend magic power (3 MP) to strengthen
                  | your wands. [potion of mutation]
 63588 | Zot:5    | Lost mutation: Armour fits poorly on your strangely shaped
                  | body. [potion of mutation]
 63588 | Zot:5    | Lost mutation: You are strong-willed. (Will+) [potion of
                  | mutation]
 63589 | Zot:5    | Lost mutation: You sometimes lose your temper in combat.
                  | [potion of mutation]
 63589 | Zot:5    | Gained mutation: Your muscles are strong. (Str +4, Int/Dex
                  | -1) [potion of mutation]
 63589 | Zot:5    | Gained mutation: Your mind is acute. (Int +4, Str/Dex -1)
                  | [potion of mutation]
 63742 | Zot:5    | Noticed an orb of fire
 63752 | Zot:5    | Killed an orb of fire
 63781 | Zot:5    | Noticed an ancient lich
 63783 | Zot:5    | Noticed a dread lich
 63786 | Zot:5    | Killed an ancient lich
 63792 | Zot:5    | Killed a dread lich
 64194 | Zot:5    | Got the Orb of Zot
 64312 | Depths:4 | Noticed Eschotui the pandemonium lord
 64323 | Depths:4 | Killed Eschotui the pandemonium lord
 64679 | D:2      | Noticed a seraph
 64734 | D:$      | Escaped with the Orb!

Illustrated notes

Levels and vault maps discovered:
D:1:      dpeg_arrival_concentric_ovals, layout_loops_ring
D:2:      layout_rooms, ebering_ecumenical_altar_webs, corexii_corridor_pit
D:3:      layout_basic, uniq_jessica, uniq_terence, uniq_robin
D:4:      layout_basic, uniq_pikel
D:5:      layout_basic, serial_shops, shop, minivault_26, uniq_prince_ribbit1
D:6:      layout_basic, nemelex_xobeh_ov_fountains_minmay, kennysheep_mini_moat,
          mainiacjoe_overflow_surrounded_room, minmay_temple_entry_antechambers
D:7:      layout_basic
D:8:      layout_basic, nicolae_vehumet_altar_sigil, david_lair_generic,
          hangedman_decor_peaks_small, disabler_island
D:9:      layout_layer_cave, overflow_temple_1_default, kennysheep_slug_shrine
D:10:     minmay_the_grid_octo_tiled_octocenter [minmay_the_grid_octo_horde,
          minmay_the_grid_octo_concentric, minmay_the_grid_octo_fan_narrow,
          minmay_the_grid_octo_pinwheel, minmay_the_grid_octo_prize_big_c,
          minmay_the_grid_square_5x5_inner_i,
          minmay_the_grid_square_5x5_gyroscope,
          minmay_the_grid_square_5x5_one_wall,
          minmay_the_grid_square_5x5_inset], layout_loops_ring,
          mainiacjoe_overflow_alcove_1, erik_orc_1, kennysheep_doodads,
          grunt_ogre_cave, uniq_lodul
D:11:     layout_basic, serial_shops, shop, nicolae_shop_just_a_little_nook,
          grunt_qazlal_clouds
D:12:     cheibrodos_fzero, layout_cave_pools, uniq_sonja, uniq_jorgrun
D:13:     layout_rooms, erik_vaults_1, serial_shops,
          nicolae_shop_just_a_little_nook, serial_curves, eino_curves_01,
          eino_curves_04, kennysheep_pointless_box
D:14:     layout_long_grid, chequers_jeans, gammafunk_ghost_hive, serial_shops,
          nicolae_shop_just_a_little_nook, uniq_azrael, uniq_kirke
D:15:     hangedman_depths_entry_civil_slaughter, layout_long_grid, hex_tiny,
          uniq_josephine
Temple:   hellmonk_temple_two_chambers
Lair:1:   layout_loops_ring, st_stairs_10, grunt_megastairs_5, uniq_gastronok
Lair:2:   layout_regular_city, nicolae_spider_entry_tight_spaces, uniq_fannar
Lair:3:   layout_loops_ring, palyth_hydra_swamp_entry,
          nicolae_volcano_entry_two_sided
Lair:4:   cheibrodos_magma_flow, layout_long_grid,
          nicolae_slime_entry_field_trip, nicolae_lair_run_with_the_wolves,
          uniq_urug
Lair:5:   minmay_lair_end_frog_pond, layout_small_grid,
          infiniplex_staircase_pool
Swamp:1:  nicolae_swamp_standing_stones, layout_falls_marsh,
          nicolae_swamp_little_tower, uniq_louise, uniq_frances, uniq_nikola
Swamp:2:  layout_basic_swamp, evilmike_swamp_ruin_rubble_2, swamp_pool1
Swamp:3:  nzn_winding_woodlands_small [nzn_winding_woodlands_5x15_default,
          nzn_winding_woodlands_center_diamonds,
          nzn_winding_woodlands_5x15_concentric], layout_basic_swamp,
          nicolae_swamp_tree_designs, swamp_pool3, nicolae_swamp_soggy_hallways,
          uniq_mlioglotl, uniq_mara
Swamp:4:  swamp_fiery, layout_basic_swamp, portal_ice_cave_entry_pillars_1
Spider:1: layout_chambers, uniq_agnes
Spider:2: layout_spider_delve
Spider:3: layout_chambers
Spider:4: spider_rune_water
Orc:1:    layout_diamond_mine, uniq_erica
Orc:2:    st_orc_rangers, layout_diamond_mine, serial_shops, shop, uniq_nessos
Elf:1:    eino_elf_arrival_shootout, layout_geoelf_octagon, serial_shops, shop,
          orc_legates, minivault_13
Elf:2:    nicolae_elf_blades_splatter_lattice [nicolae_blade_bullseye],
          layout_geoelf_octagon, serial_shops,
          nicolae_shop_competitors_out_of_business, uniq_zenata
Elf:3:    minmay_elf_hall_spiked, layout_geoelf_octagon, mu_enter_wizlab_6,
          minmay_shop_star
Vaults:1: portal_desolation_entry_twin_temple, v_pattern_1,
          nicolae_vaults_closet_pinwheel_5, nicolae_vaults_trapezoid_lopsided_2,
          v_misc_27, nicolae_vaults_hexular_roomagon, grunt_vaults_swirl,
          nicolae_vaults_double_plus_1, nicolae_vaults_house_1,
          layout_vaults_omnibox, serial_shops, shop
Vaults:2: nicolae_vaults_closet_pinwheel_4, hangedman_vaults_stitches,
          v_rooms_3, ontoclasm_vaults_shuriken, vaults_room_fancy_cross,
          nicolae_vaults_big_ls, hangedman_vaults_corner,
          ontoclasm_vaults_loading_screen, v_rooms_4, special_room_vaults
          [special_room_orc], ontoclasm_vaults_idyll, nicolae_vaults_diamond_2,
          nicolae_vaults_circle_grid_b, layout_vaults_maze_bifur, serial_shops,
          nicolae_shop_back_alley_shop
Vaults:3: vaults_mumra_lcd, minmay_crypt_entry_vampire_xt,
          nicolae_vaults_trapezoid_lopsided_3, hangedman_vaults_corner_blocks,
          vaults_room_fours, nicolae_vaults_puzzle_piece, nicolae_vaults_swerve,
          nicolae_vaults_little_squares_4, vaults_room_corners,
          nicolae_vaults_taking_the_gang_shopping, st_spiral_rooms,
          nicolae_vaults_rhombus_7, serial_ice_b, layout_vaults_ring,
          serial_shops, bzr_entry_customers, uniq_saint_roka
Vaults:4: vaults_room_door_hall, hangedman_vaults_restitches,
          nicolae_vaults_specimen_jars, nicolae_vaults_meiosis,
          ontoclasm_vaults_bender, nicolae_vaults_storage_closets_1,
          nicolae_vaults_ninety_degrees, nicolae_vaults_storing_the_good_stuff,
          ontoclasm_vaults_decontamination, vaults_room_pool, vaults_room_fours,
          layout_vaults_quadrants
Vaults:5
Crypt:1:  minmay_shadows, layout_chaotic_city, grunt_crypt_arrival_guarded_gate,
          grunt_megastairs_3
Crypt:2:  layout_misc_corridors, special_room [special_room_morgue], st_stairs_5
Crypt:3:  david_glass_crypt, layout_chaotic_city, beargit_elvish_explorers
Depths:1: layout_forbidden_donut, hellmouth_3, hex_medium, st_stairs_1,
          zin_scriptorium
Depths:2: minmay_ornate_pinched, layout_cave_shapes,
          hangedman_abyss_entry_splay, rand_demon_pan_entry_8,
          pf_hell_entry_great_geh, serial_bayou_shore_b, uniq_josephina
Depths:3: minmay_central_circle, layout_cave_pools,
          abyss_entry_small_statue_room, grunt_metal_band,
          grunt_pan_entry_sceptre, minmay_staircase_windowed_small
Depths:4: evilmike_zot_entry_hall, layout_cave_pools, enter_ziggurat_e,
          minmay_misc_feat_enclosed, hell_entry, uniq_parghit, uniq_xtahua
Zot:1:    minmay_elemental_castle, layout_twisted_circle,
          st_large_dragon_hoard_1
Zot:2:    layout_twisted_circle, hangedman_zot_spectrum
Zot:3:    nicolae_moth_party, layout_onion_interference, uniq_vv
Zot:4:    layout_onion, st_single_dragon_hoard_2, uniq_grunn
Zot:5:    layout_cellular_growth, gammafunk_ghost_split

Skill      XL: |  1  2  3  4  5  6  7  8  9 10 11 12 13 14 15 16 17 18 19 20 21 22 23 24 25 26 27 |
---------------+----------------------------------------------------------------------------------+-----
Unarmed Combat | 4 5 6 7 9 10 13 15 16 18 21 22 24 27 | 27.0
Evocations     | 1 5 |  5.4
Fighting       | 5 7 10 15 20 23 26 27 | 27.0
Dodging        | 5 6 14 15 19 23 24 27 | 27.0
Invocations    | 5 8 |  8.6
Armour         | 8 10 14 15 | 15.0
Shields        | 1 10 16 25 | 25.1

Action                     |  1- 3 |  4- 6 |  7- 9 | 10-12 | 13-15 | 16-18 | 19-21 | 22-24 | 25-27 || total
---------------------------+-------+-------+-------+-------+-------+-------+-------+-------+-------++-------
  Melee: Unarmed           |    99 |   131 |   227 |   457 |   877 |  1523 |  1441 |  1609 |  2536 ||  8900
         Tailslap          |       |       |       |       |    22 |    23 |     5 |       |     9 ||    59
 Invoke: Bend Time         |       |       |       |     1 |     1 |       |       |       |     1 ||     3
         Slouch            |       |       |       |     2 |     6 |     6 |    13 |    15 |     4 ||    46
         Temporal Distorti |       |       |       |       |     4 |     4 |     5 |     5 |     1 ||    19
  Evoke: Wand              |       |     4 |    15 |    36 |     7 |    20 |    10 |       |    24 ||   116
         Lightning rod     |       |       |       |       |     6 |     6 |     5 |     3 |       ||    20
    Use: Potion            |     4 |       |       |     4 |     2 |     4 |     5 |     1 |    16 ||    36
         Scroll            |     3 |     2 |     1 |     4 |    16 |     7 |     5 |    27 |    12 ||    77
   Stab: Paralysed         |       |       |       |     6 |     4 |     7 |     3 |       |       ||    20
         Sleeping          |       |       |       |     1 |       |       |       |       |       ||     1
         Invisible         |       |       |       |       |       |     7 |       |       |       ||     7
         Confused          |       |       |       |       |       |     1 |       |       |       ||     1
         Distracted        |       |       |       |       |       |       |       |       |     1 ||     1
 Armour: Robe              |    10 |    11 |       |       |       |       |       |       |       ||    21
         Leather armour    |       |     3 |    43 |    64 |     3 |       |       |       |       ||   113
         Scale mail        |       |       |       |     1 |       |       |       |       |       ||     1
         Chain mail        |       |       |       |       |   222 |   112 |       |       |       ||   334
         Plate armour      |       |       |       |       |       |    72 |    94 |   104 |       ||   270
         Gold dragon scale |       |       |       |       |       |       |       |    10 |   310 ||   320
  Dodge: Dodged            |    46 |    52 |    89 |   324 |   991 |   934 |   485 |   575 |  1120 ||  4616
  Block: Tower shield      |       |       |       |       |       |  1816 |  1691 |  1810 |  2982 ||  8299
         Reflection        |       |       |       |       |       |       |    98 |    91 |    74 ||   263
